 Dungeon Crawl Stone Soup version 0.30-a0-1160-g6e42c06551 (webtiles) character file.

Game seed: 6259956780353519122

186 Sobieck the Cutter (level 5, -3/27 HPs)
             Began as a Vine Stalker Fighter on Apr 26, 2023.
             Killed from afar by Ijyb (12 damage)
             ... with a bolt of light
             ... on level 4 of the Dungeon.
             The game lasted 00:04:02 (2203 turns).

Sobieck the Cutter (Vine Stalker Fighter)           Turns: 2203, Time: 00:04:02

Health: -3/27      AC:  9    Str: 18    XL:     5   Next: 66%
Magic:  0/6        EV:  9    Int:  8    God:
Gold:   136        SH:  5    Dex: 16    Spells: 4/4 levels left

rFire   . . .        a - +4 short sword (vamp) {short}
rCold   . . .        c - +0 buckler
rNeg    + . .        u - +1 scale mail {rN+}
rPois   .            z - +0 helmet
rElec   .            (no cloak)
rCorr   .            E - +0 pair of gloves
SInv    .            (no boots)
Will    .....        (no amulet) Stlth
                     (no ring)
HPRegen 1.04/turn    (no ring)
MPRegen 0.10/turn

%: guardian spirit
@: no status effects
A: fangs 2, regeneration 1, magic shield, antimagic bite, no potion heal 2
a: no special abilities


You were on level 4 of the Dungeon.
You visited 1 branch of the dungeon, and saw 4 of its levels.

You collected 160 gold pieces.
You spent 24 gold pieces at shops.


Innate Abilities, Weirdness & Mutations

You have extremely sharp teeth.
Your natural rate of healing is unusually fast.
When hurt, damage is shared between your health and your magic reserves.
Your bite disrupts and absorbs the magic of your enemies.
Potions cannot restore your health.


   Skills:
 - Level 2.6 Fighting
 + Level 5.2 Short Blades
 - Level 2.4 Armour
 - Level 2.6 Shields


You had 4 spell levels left.
You didn't know any spells.
Your spell library contained the following spells:

 Spells                   Type           Power      Damage    Failure   Level
 Slow                     Hex            0%         N/A       87%         1
 Confusing Touch          Hex            0%         N/A       99%         3
 Vampiric Draining        Necr           0%         2d6       99%         3

Inventory:

Hand Weapons
 a - a +4 vampiric short sword (weapon) {short}
   (You took it off Terence on level 2 of the Dungeon)
 l - a +2 whip of freezing {mace}
   (You took it off a kobold on level 1 of the Dungeon)
 t - a +0 rapier of protection {short}
 F - a +1 dagger of draining {short}
   (You took it off a kobold on level 4 of the Dungeon)
Missiles
 e - 32 stones (quivered) {throwing}
Armour
 b - a +0 scale mail
 c - a +0 buckler (worn)
 i - a +0 robe
   (You found it on level 1 of the Dungeon)
 j - a +0 ring mail
   (You found it on level 1 of the Dungeon)
 m - a +0 robe
   (You found it on level 3 of the Dungeon)
 o - a +0 leather armour
   (You found it on level 2 of the Dungeon)
 p - a +0 scale mail
   (You found it on level 4 of the Dungeon)
 u - a +1 scale mail of positive energy (worn)
   (You took it off Terence on level 2 of the Dungeon)
 w - a +0 ring mail
   (You found it on level 2 of the Dungeon)
 x - a +0 leather armour
   (You found it on level 2 of the Dungeon)
 y - a +0 animal skin
   (You took it off Robin on level 2 of the Dungeon)
 z - a +0 helmet (worn)
   (You took it off Robin on level 2 of the Dungeon)
 D - a +0 scale mail
   (You found it on level 3 of the Dungeon)
 E - a +0 pair of gloves (worn)
   (You found it on level 3 of the Dungeon)
Scrolls
 h - 2 scrolls of teleportation {@r4}
 n - a scroll of fear {unknown}
 q - a scroll of magic mapping {unknown}
 r - a scroll of noise {unknown}
 s - 2 scrolls of enchant armour {unknown}
 A - a scroll of fog {unknown}
 B - a scroll of amnesia {unknown}
Potions
 d - a potion of might
 f - 4 potions of degeneration {!q@e2}
 g - a potion of brilliance
 k - a potion of attraction {!q}
 v - a potion of flight
 C - 2 potions of lignification {!q}

Dungeon Overview and Level Annotations

Branches:
Dungeon (4/15) Zot: 21806
 Temple: D:4-7

Altars:

Shops:
D:3 ?

Annotations:
D:4 Ijyb

.. ... #. #.## ...
.. #... ... #.
###.( ..#
#.####...###.#
##............
.....##.#.g#
#..##.#.#
##......@#
#..##....#
#####.###.#...#
#.....##....#.....
#....##....###..#.
#........### .##
#.....###>.. .#
#.....##.. .
#.....##.#


You could see Ijyb.


Message History

You barely miss the quokka. You bite the quokka. You drain its power.
You block the quokka's attack.
You hit the quokka. The quokka barely misses you.
You hit the quokka.
You kill the quokka!
Your Short Blades skill increases to level 5!
No target in view!
p - a +0 scale mail A kobold comes into view.
It is wielding a +1 dagger of draining.
The kobold shouts!
The kobold moves out of view.
Danger!
You hit the kobold but do no damage. The kobold closely misses you.
You closely miss the kobold. The kobold hits you but does no damage.
You partially resist.
You hit the kobold. The kobold hits you but does no damage.
You partially resist.
Unknown command.
You hit the kobold.
You kill the kobold!
No target in view!
No target in view!
Unknown command.
e - 32 stones {throwing} (gained 1)
Things that are here:
a +1 dagger of draining {short}; a kobold corpse Unknown command.
Found a stone staircase leading down.
Unknown command.
Okay, then.
Things that are here:
a +1 dagger of draining {short}; a kobold corpse
F - a +1 dagger of draining {short} You see here a kobold corpse.
A sleepcap comes into view.
Danger!
The sleepcap releases spores at you.
You are engulfed in a cloud of soporific spores!
You fall asleep.
The sleepcap completely misses you.
The sleepcap releases spores at you but does no damage.
The sleepcap releases spores at you!
You wake up.
You are engulfed in a cloud of soporific spores!
You are unaffected.
You are too injured to fight recklessly!
You are too injured to fight recklessly!
You are too injured to fight recklessly!
Unknown command.
You hit the sleepcap.
You feel better.
You bite the sleepcap, but do no damage.
The sleepcap releases spores at you.
You hit the sleepcap.
You feel better.
The sleepcap releases spores at you but does no damage.
Unknown command.
You hit the sleepcap.
You feel better.
You bite the sleepcap, but do no damage.
The sleepcap releases spores at you.
You are engulfed in a cloud of soporific spores!
You are unaffected.
You hit the sleepcap.
You feel better.
You hit the sleepcap.
You feel better.
You bite the sleepcap. You drain its power.
You feel invigorated. You block the sleepcap's attack.
You hit the sleepcap but do no damage. The sleepcap closely misses you.
You hit the sleepcap but do no damage. You bite the sleepcap.
You drain its power.
The sleepcap releases spores at you but does no damage.
You hit the sleepcap but do no damage. You bite the sleepcap.
You drain its power. You hit the sleepcap. You bite the sleepcap.
You destroy the sleepcap!
Ijyb the Twisted Goblin comes into view.
She is wielding a +0 club and carrying a wand of light (9).
Ijyb shouts!
Danger!
Unknown command.
Unknown command.
A sky beast comes into view.
Unknown command.
You barely miss Ijyb. Your bite misses Ijyb. You block Ijyb's attack.
Unknown command.
You hit Ijyb. Your bite misses Ijyb. Ijyb completely misses you.
You hit Ijyb but do no damage. You bite Ijyb. You drain her power.
Unknown command.
You hit Ijyb.
Ijyb zaps a wand.
The bolt of light hits you!!
You are confused.
Ouch! That really hurt!
* * * LOW HITPOINT WARNING * * *
The sky beast flickers out of sight!
Deactivating autopickup; reactivate with Ctrl-A.
You bump into the rock wall.
Ijyb barely misses you.
You hit Ijyb. Ijyb hits you but does no damage.
Unknown command.
You bump into the rock wall.
Ijyb hits you with a +0 club.
* * * LOW HITPOINT WARNING * * *
Ijyb attacks as you move away! Ijyb hits you but does no damage.
You feel less confused.
Ijyb zaps a wand.
The bolt of light hits you!
You die...

Skill      XL: |  1  2  3  4  5 |
---------------+----------------+-----
Short Blades   | 2 3 4 5 |  5.2
Fighting       | |  2.6
Armour         | |  2.4
Shields        | |  2.6

Action                     |  1- 3 |  4- 6 || total
---------------------------+-------+-------++-------
  Melee: Rapier            |    85 |       ||    85
         Bite              |    21 |    29 ||    50
         Short sword       |     1 |    98 ||    99
    Use: Potion            |     1 |       ||     1
         Scroll            |       |     9 ||     9
 Armour: Scale mail        |    40 |    24 ||    64
  Dodge: Dodged            |    24 |    38 ||    62
  Block: Buckler           |    22 |    10 ||    32

Levels and vault maps discovered:
D:1:      evilmike_arrival_rings, layout_loops_ring,
          dreamdust_ecumenical_altar_grove, minmay_tiny_reverse_x
D:2:      layout_basic, uniq_terence, uniq_robin
D:3:      layout_rooms, serial_shops, shop
D:4:      layout_rooms, minmay_temple_entry_proselytizer, serial_shops,
          nicolae_shop_stone, serial_park_tiny_pond, uniq_sigmund, uniq_ijyb,
          uniq_eustachio

Notes
Turn   | Place    | Note
-------+----------+-------------------------------------------
     0 | D:1      | Sobieck the Vine Stalker Fighter began the quest for the
                  | Orb.
     0 | D:1      | Reached XP level 1. HP: 11/11 MP: 2/2
    98 | D:1      | Reached skill level 2 in Short Blades
   210 | D:1      | Found a faded altar of an unknown god.
   226 | D:1      | Reached XP level 2. HP: 16/16 MP: 3/3
   864 | D:2      | You pick up a book of Debilitation and begin reading...
   864 | D:2      | You add the spells Slow, Vampiric Draining and Confusing
                  | Touch to your library.
   953 | D:2      | Reached skill level 3 in Short Blades
   959 | D:2      | Reached XP level 3. HP: 19/19 MP: 4/4
  1224 | D:2      | Noticed Terence
  1248 | D:2      | Killed Terence
  1373 | D:2      | Noticed Robin
  1378 | D:1      | Gained mutation: Your natural rate of healing is unusually
                  | fast. [Vine Stalker growth]
  1378 | D:1      | Reached XP level 4. HP: 13/23 MP: 2/5
  1512 | D:2      | Killed Robin
  1513 | D:2      | Reached skill level 4 in Short Blades
  1862 | D:3      | Found Suepn's Magic Scroll Emporium.
  1875 | D:3      | Reached XP level 5. HP: 27/27 MP: 4/6
  1879 | D:3      | Bought a scroll of identify for 24 gold pieces
  2146 | D:4      | Reached skill level 5 in Short Blades
  2193 | D:4      | Noticed Ijyb
  2195 | D:4      | Noticed a sky beast
  2203 | D:4      | Killed from afar by Ijyb

Vanquished Creatures
  An orc priest (D:3)
  A sleepcap (D:4)
  Terence (D:2)
  Robin (D:2)
  2 adders (D:3)
  A worm (D:3)
  4 orcs
  5 endoplasms
  2 giant cockroaches (D:1)
  12 goblins
  5 hobgoblins
  3 jackals (D:3)
  3 quokkas
  5 ball pythons
  7 bats
  3 frilled lizards
  5 kobolds
  5 rats
66 creatures vanquished.

Table legend:
 A = Non-vault XP
 B = Vault XP
 C = Vault XP percentage of total XP
 D = Non-vault monster count
 E = Vault monster count
 F = Vault count percentage of total count
                 A         B        C        D         E       F
            +---------+---------+-------+---------+---------+-------
      Total |     194 |      73 |  27.3 |      51 |      15 |  22.7
            +---------+---------+-------+---------+---------+-------
        D:1 |      25 |      12 |  32.4 |      17 |       6 |  26.1
        D:2 |      23 |      61 |  72.6 |      13 |       9 |  40.9
        D:3 |     104 |       0 |   0.0 |      18 |       0 |   0.0
        D:4 |      42 |       0 |   0.0 |       3 |       0 |   0.0
            +---------+---------+-------+---------+---------+-------

Skill      XL: |  1  2  3  4  5 |
---------------+----------------+-----
Short Blades   | 2 3 4 5 |  5.2
Fighting       | |  2.6
Armour         | |  2.4
Shields        | |  2.6

Action                     |  1- 3 |  4- 6 || total
---------------------------+-------+-------++-------
  Melee: Rapier            |    85 |       ||    85
         Bite              |    21 |    29 ||    50
         Short sword       |     1 |    98 ||    99
    Use: Potion            |     1 |       ||     1
         Scroll            |       |     9 ||     9
 Armour: Scale mail        |    40 |    24 ||    64
  Dodge: Dodged            |    24 |    38 ||    62
  Block: Buckler           |    22 |    10 ||    32

Illustrated notes

Table legend:
 A = Kills in this place as a percentage of kills in the entire game.
 B = Kills by you in this place as a percentage of kills by you in the entire game.
 C = Kills by friends in this place as a percentage of kills by friends in the entire game.
 D = Other kills in this place as a percentage of other kills in the entire game.
 E = Experience gained in this place as a percentage of experience gained in the entire game.
 F = Experience gained in this place divided by the number of levels of this place that you have seen.
                   A       B       C       D       E      F
               +-------+-------+-------+-------+-------+----------------------
         Total | 100.0 | 100.0 |   N/A |   N/A | 100.0 |  66.8
       Dungeon | 100.0 | 100.0 |   N/A |   N/A | 100.0 |  66.8
               +-------+-------+-------+-------+-------+----------------------

Table legend: (Time is in decaauts)
 A = Elapsed time spent in this place.
 B = Non-inter-level travel time spent in this place.
 C = Inter-level travel time spent in this place.
 D = Time resting spent in this place.
 E = Time spent auto-exploring this place.
 F = Levels seen in this place.
 G = Mean time per level.
                   A        B        C        D        E       F      G
               +--------+--------+--------+--------+--------+-----+--------+
         Total |   2192 |   2080 |    112 |     31 |   1641 |   4 |  548.0 |
       Dungeon |   2192 |   2080 |    112 |     31 |   1641 |   4 |  548.0 |
               +--------+--------+--------+--------+--------+-----+--------+

Top non-repeatable levels by time:
     D:1: 925 daAuts
     D:2: 771 daAuts
     D:3: 433 daAuts
     D:4: 62 daAuts
